 Seeded DCSS version 0.30.1-6-gbe392663c4 (webtiles) character file.

Game seed: 15265865335305158418 (custom seed)

321 Psyclone the Covert (level 6, -2/39 HPs)
             Began as an Octopode Warper on Sept 21, 2023.
             Was an Initiate of Gozag.
             Slain by Grinder (7 damage)
             ... while paralysed by Grinder
             ... on level 3 of the Dungeon.
             The game lasted 00:12:07 (2962 turns).

Psyclone the Covert (Octopode Warper)               Turns: 2962, Time: 00:12:07

Health: -2/39      AC:  4    Str:  8 (10) XL:     6   Next: 46%
Magic:  9/9        EV:  2    Int: 17 (18) God:    Gozag
Gold:   127        SH:  0    Dex:  9 (11) Spells: 9/9 levels left

rFire   + + .        a - +0 short sword
rCold   x . .        (no shield)
rNeg    . . .        f - +3 hat of Osedd {rF++ rC- SInv Stlth+}
rPois   .            (no amulet)
rElec   .            (no ring)
rCorr   .            (no ring)
SInv    +            (no ring)
Will    .....        (no ring)
Stlth   ++++++       (no ring)
HPRegen 0.26/turn    (no ring)
MPRegen 0.11/turn    (no ring)
                     (no ring)

%: no passive effects
@: paralysed
A: almost no armour, amphibious, 8 rings, camouflage 1, gelatinous body 1,
(nimble swimmer 1), tentacles
a: Renounce Religion, Potion Petition, Call Merchant, Bribe Branch


You were on level 3 of the Dungeon.
You worshipped Gozag.
Gozag was aware of your devotion.
You visited 1 branch of the dungeon, and saw 4 of its levels.
You also visited: Sewer.

You collected 184 gold pieces.
You paid 57 gold pieces to Gozag.

Inventory:

Hand Weapons
 a - a +0 short sword (weapon)
Missiles
 c - 7 boomerangs of dispersal (quivered)
 t - 6 boomerangs
Armour
 f - the +3 hat of Osedd (worn) {rF++ rC- SInv Stlth+}
   (You acquired it on level 1 of the Dungeon)

   rF:        It greatly protects you from fire.
   rC:        It makes you vulnerable to cold.
   SInv:      It lets you see invisible.
   Stlth:     It makes you more stealthy.
Scrolls
 b - 5 scrolls of blinking
 h - 2 scrolls of vulnerability {unknown}
 i - a scroll of teleportation {unknown}
 j - a scroll of enchant weapon {unknown}
 k - 4 scrolls of identify {@r1}
 l - 2 scrolls of amnesia {unknown}
 p - 2 scrolls of fear {unknown}
 q - 2 scrolls of enchant armour {unknown}
Potions
 d - a potion of curing {unknown}
 e - a potion of berserk rage {unknown}
 g - a potion of brilliance {unknown}
 m - a potion of lignification {unknown}
 n - a potion of mutation {unknown}
 o - 2 potions of invisibility {unknown}
 r - 2 potions of might {unknown}
 s - 2 potions of heal wounds {unknown}


   Skills:
 - Level 2.0 Fighting
 - Level 2.0 Short Blades
 - Level 1.0 Throwing
 - Level 2.3 Dodging
 + Level 9.0 Stealth
 - Level 2.0 Spellcasting
 - Level 3.0 Translocations


You had 9 spell levels left.
You didn't know any spells.
Your spell library contained the following spells:

 Spells                   Type           Power      Damage    Failure   Level
 Blink                    Tloc           22%        N/A       9%          2
 Lesser Beckoning         Tloc           22%        N/A       9%          2
 Gell's Gravitas          Tloc           11%        N/A       17%         3
 Teleport Other           Tloc           11%        N/A       17%         3
 Sandblast                Erth           2%         2d4       19%         1
 Passwall                 Tmut/Erth      0%         N/A       28%         2
 Vhi's Electric Charge    Tloc/Air       12%        N/A       30%         3
 Stone Arrow              Conj/Erth      2%         3d7       50%         3
 Manifold Assault         Tloc           11%        N/A       50%         4
 Dispersal                Tloc           5%         N/A       100%        6


Dungeon Overview and Level Annotations

Branches:
Dungeon (4/15) Zot: 21622   Sewer (visited)
 Temple: D:4-7

Altars:
Elyvilon
Gozag

Annotations:
D:3 Grinder


Innate Abilities, Weirdness & Mutations

You cannot wear most types of armour.
You are amphibious.
You can wear up to eight rings at the same time.
Your skin changes colour to match your surroundings (Stealth+).
Your rubbery body absorbs attacks. (AC +1, EV +1)
((You are camouflaged when in or above water. (Stealth+)))
You have tentacles for arms and can constrict up to eight enemies at once.


Message History

You can move again.
You take 7 damage, and have 24/39 hp.
Unknown command.
You hit Grinder but do no damage. You grab Grinder.
Grinder is moderately wounded.
You constrict Grinder. Grinder closely misses you.
You completely miss Grinder. You squeeze Grinder.
Grinder is moderately wounded.
You constrict Grinder. Grinder hits you but does no damage.
You barely miss Grinder.
Grinder is moderately wounded.
You constrict Grinder, but do no damage.
Grinder closely misses you.
You hit Grinder.
Grinder is heavily wounded.
You constrict Grinder. Grinder gestures at you.
You barely resist. You completely miss Grinder.
Grinder is heavily wounded.
You constrict Grinder. Grinder gestures at you.
You barely resist. You hit Grinder but do no damage. You squeeze Grinder.
Grinder is heavily wounded.
You constrict Grinder. Grinder hits you!
You writhe in agony.
You take 13 damage, and have 12/39 hp.
MASSIVE DAMAGE!!
You hit Grinder. You squeeze Grinder, but do no damage.
Grinder is severely wounded.
You constrict Grinder. Grinder gestures at you.
You suddenly lose the ability to move!
You lose your grip on Grinder.
Grinder gestures at you.
You shrug off the repeated paralysis!
Grinder gestures at you. Pain shoots through your body!
* * * LOW HITPOINT WARNING * * *
Grinder hits you!
You die...
Your body crumbles into a pile of gold.

#### ###''
... #≈≈≈..
#. #≈≈.... #
##≈≈...#
##≈≈....#
##≈≈.....#
#≈≈.5....#
#≈.@....#
###≈.....##
#.'..#####
#.'..#####
#.#≈.....##
#.#≈......##
..... #
#≈≈......#
......
##≈≈.....#
.....≈
##≈≈....#
....≈≈


You could see Grinder.

Vanquished Creatures
  A kobold brigand (Sewer)
  An iguana (D:4)
  9 adders
  8 river rats
  A worm (D:2)
  3 dart slugs
  12 ball pythons
  5 bats
  7 endoplasms
  2 giant cockroaches (D:2)
  6 hobgoblins
  2 jackals (Sewer)
  9 kobolds
  2 quokkas
  3 frilled lizards
  9 rats
80 creatures vanquished.

Notes
Turn   | Place    | Note
-------+----------+-------------------------------------------
     0 | D:1      | Psyclone the Octopode Warper began the quest for the Orb.
     0 | D:1      | Reached XP level 1. HP: 14/14 MP: 3/3
    44 | D:1      | Identified a scroll of acquirement
    44 | D:1      | Acquired the +3 hat of Osedd {rF++ rC- SInv Stlth+}
    84 | D:1      | Reached skill level 1 in Stealth
   129 | D:1      | Reached skill level 2 in Stealth
   134 | D:1      | Reached XP level 2. HP: 19/19 MP: 5/5
   334 | D:1      | Reached skill level 3 in Stealth
   880 | D:2      | Reached skill level 4 in Stealth
   880 | D:2      | Reached XP level 3. HP: 8/24 MP: 6/6
  1304 | D:2      | You fall into a shaft and drop 2 floors!
  1356 | D:4      | Reached skill level 5 in Stealth
  1408 | D:4      | Reached XP level 4. HP: 29/29 MP: 7/7
  1425 | D:4      | Reached skill level 6 in Stealth
  1426 | D:4      | Found a glowing drain.
  1457 | D:4      | Reached XP level 5. HP: 31/34 MP: 8/8
  1496 | Sewer    | Entered a sewer
  1596 | Sewer    | Reached skill level 7 in Stealth
  1646 | Sewer    | Noticed a kobold brigand
  1669 | Sewer    | Killed a kobold brigand
  1670 | Sewer    | Reached skill level 8 in Stealth
  1670 | Sewer    | Reached XP level 6. HP: 26/39 MP: 9/9
  2615 | D:3      | Found an opulent altar of Gozag.
  2665 | D:3      | Became a worshipper of Gozag Ym Sagoz the Greedy
  2880 | D:3      | Found a white marble altar of Elyvilon.
  2925 | D:3      | Reached skill level 9 in Stealth
  2938 | D:3      | Noticed Grinder
  2950 | D:3      | Paralysed by Grinder for 2 turns
  2959 | D:3      | Paralysed by Grinder for 3 turns
  2962 | D:3      | Slain by Grinder

Illustrated notes

Levels and vault maps discovered:
D:1:      minmay_arrival_four_loops, layout_basic, chequers_serial_rivers_marsh,
          minivault_4
D:2:      layout_basic
D:3:      layout_loops_cross, marbit_many_paths, elyvilon_altar_1,
          grunt_gozag_statues, shapermc_ecumenical_altar_mp_vishouse,
          kennysheep_cross_room, corexii_hall_statues_i, uniq_natasha,
          uniq_grinder
D:4:      layout_rooms, zin_angel, lightli_sewer_entry_pipes, hex_medium,
          minmay_fractal_squares_gapless_5

Skill      XL: |  1  2  3  4  5  6 |
---------------+-------------------+-----
Stealth        | 2 4 5 6 8 9 |  9.0
Fighting       | |  2.0
Short Blades   | |  2.0
Throwing       | |  1.0
Dodging        | |  2.3
Spellcasting   | |  2.0
Translocations | |  3.0

Action                     |  1- 3 |  4- 6 || total
---------------------------+-------+-------++-------
  Melee: Short sword       |    60 |   156 ||   216
         Constrict         |    11 |    37 ||    48
         Tentacles         |     8 |    35 ||    43
         Punch             |       |     3 ||     3
    Use: Scroll            |     1 |     1 ||     2
         Potion            |       |     1 ||     1
   Stab: Sleeping          |    16 |    31 ||    47
 Armour: Skin              |    14 |    16 ||    30
  Dodge: Dodged            |    22 |    63 ||    85
